 Dungeon Crawl Stone Soup version 0.26.1-11-gd32895ea62 (webtiles) character file.

Game seed: 8244430982620589911

142 Descartes the Conjurer (level 5, -2/28 HPs)
             Began as a Deep Elf Hedge Wizard on June 14, 2021.
             Slain by a bullfrog (6 damage)
             ... on level 6 of the Dungeon.
             The game lasted 00:07:25 (3623 turns).

Descartes the Conjurer (Deep Elf Hedge Wizard)      Turns: 3623, Time: 00:07:25

Health: -2/28      AC:  4    Str:  7    XL:     5   Next: 4%
Magic:  6/13       EV: 12    Int: 20    God:
Gold:   135        SH:  0    Dex: 14    Spells: 11/12 levels left

rFire    . . .     SeeInvis .   a - +0 dagger
rCold    . . .     Faith    .   (no shield)
rNeg     . . .     Spirit   .   q - +0 leather armour
rPois    .         Reflect  .   c - +0 hat
rElec    .         Harm     .   f - +0 cloak
rCorr    .         Rampage  .   (no gloves)
Will     .....                  (no boots)
Stlth    ++........             (no amulet)
HPRegen  0.09/turn              (no ring)
MPRegen  0.13/turn              (no ring)

@: no status effects
A: no striking features
a: no special abilities


You were on level 6 of the Dungeon.
You visited 1 branch of the dungeon, and saw 4 of its levels.

You collected 135 gold pieces.

Inventory:

Hand Weapons
 a - a +0 dagger (weapon)
Missiles
 e - 6 javelins
 h - 17 bolts
 j - 60 sling bullets
 m - 26 stones
 p - 7 poisoned darts
Armour
 b - a +0 robe
 c - a +0 hat (worn)
 f - a +0 cloak (worn)
 q - a +0 leather armour (worn)
Scrolls
 d - 6 scrolls of identify {unknown}
 k - 2 scrolls of blinking {unknown}
 l - 2 scrolls of remove curse {unknown}
 n - 2 scrolls of teleportation {unknown}
 r - a scroll of fog {unknown}
Potions
 i - a potion of haste {unknown}
 o - a potion of brilliance {unknown}
 s - a potion of attraction {unknown}
 t - a potion of curing {unknown}


   Skills:
 - Level 2.4 Dodging
 - Level 2.4 Stealth
 - Level 4.4 Spellcasting
 + Level 5.4 Conjurations
 - Level 1.1 Summonings
 - Level 1.1 Translocations


You had 11 spell levels left.
You knew the following spells:

 Your Spells              Type           Power        Failure   Level
a - Magic Dart            Conj           100%         1%          1

Your spell library contained the following spells:

 Spells                   Type           Power        Failure   Level
 Blink                    Tloc           N/A          19%         2
 Call Imp                 Summ           8%           19%         2
 Conjure Flame            Conj/Fire      15%          19%         3
 Mephitic Cloud           Conj/Pois/Air  11%          26%         3
 Slow                     Hex            4%           28%         2


Dungeon Overview and Level Annotations

Branches:
Dungeon (3/15)

Altars:
Zin


Message History

The jackal barks!
The hound bites you.
* * * LOW HITPOINT WARNING * * *
The bullfrog barely misses you. The hound bites you.
* * * LOW HITPOINT WARNING * * *
The bullfrog misses you.
Casting: Magic Dart (safe; 1% risk of failure)
Confirm with . or Enter, or press ? or * to list all spells.
Aiming: Magic Dart (safe; 1% risk of failure)
Press: ? - help, Shift-Dir - straight line, f/p - bullfrog
Aim: a bullfrog (severely wounded, 0% to evade)
The magic dart hits the bullfrog.
The bullfrog is almost dead.
The hound bites you but does no damage. The bullfrog completely misses you.
A phantom comes into view.
A bullfrog comes into view.
The bullfrog hits you but does no damage.
A jackal comes into view.
The hound closely misses you. The bullfrog hits you.
You die...

...........?.#
.............#
.............#
.F...........##
h..............
....h.........$
........).....W
#....hF......
#....@#+#####
#.....# #.....#
#.....# #....##
+....# #....#
####....#####
............#


You could see a phantom, 2 bullfrogs, a hound and 2 jackals.

Vanquished Creatures
  7 adders
  A white imp (D:6)
  An ooze (D:2)
  A worm (D:2)
  4 leopard geckos
  An orc (D:2)
  A ball python (D:2)
  6 giant cockroaches (D:2)
  4 goblins
  5 hobgoblins
  6 jackals
  4 kobolds
  A quokka (D:2)
  6 bats
  6 frilled lizards
  6 rats
60 creatures vanquished.

Vanquished Creatures (others)
  3 toadstools (D:1)
3 creatures vanquished.

Grand Total: 63 creatures vanquished

Notes
Turn   | Place    | Note
-------+----------+-------------------------------------------
     0 | D:1      | Descartes the Deep Elf Hedge Wizard began the quest for the
                  | Orb.
     0 | D:1      | Reached XP level 1. HP: 10/10 MP: 7/7
   400 | D:1      | Reached skill level 2 in Conjurations
   553 | D:1      | Reached XP level 2. HP: 12/15 MP: 2/9
  1277 | D:1      | Reached skill level 3 in Conjurations
  1351 | D:1      | Reached XP level 3. HP: 18/19 MP: 7/10
  1744 | D:2      | Reached skill level 4 in Conjurations
  2241 | D:2      | Reached XP level 4. HP: 24/24 MP: 10/12
  2773 | D:2      | Reached skill level 5 in Conjurations
  3461 | D:3      | You fall into a shaft and drop 3 floors!
  3471 | D:6      | Reached XP level 5. HP: 20/28 MP: 5/13
  3565 | D:6      | Found a glowing silver altar of Zin.
  3622 | D:6      | Noticed a phantom
  3623 | D:6      | Slain by a bullfrog

Illustrated notes

Levels and vault maps discovered:
D:1:      minmay_arrival_checkered_box, layout_basic, hangedman_decor_push,
          minmay_gold_behind_fungi
D:2:      kb_forest_paths, layout_basic, serial_glass, glass_columns_b,
          glass_columns_a, glass_columns_b, glass_columns_a, glass_columns_b,
          glass_columns_a, glass_columns_a, glass_columns_a
D:3:      layout_loops_ring
D:6:      layout_gridville, zin_academy, minmay_temple_entry_stoned_glass,
          portal_sewer_entry_d, kennysheep_crisscross, minmay_diced_spiral

Skill      XL: |  1  2  3  4 |
---------------+-------------+-----
Conjurations   | 2 3 4 5 |  5.4
Dodging        | |  2.4
Stealth        | |  2.4
Spellcasting   | |  4.4
Summonings     | |  1.1
Translocations | |  1.1

Action                   |  1- 3 |  4- 6 || total
-------------------------+-------+-------++-------
Melee: Dagger            |     6 |     5 ||    11
 Cast: Magic Dart        |    77 |    87 ||   164
  Use: Potion            |       |     2 ||     2
Armor: Robe              |     3 |     7 ||    10
       Leather armour    |       |     6 ||     6
Dodge: Dodged            |    13 |    16 ||    29
